 Dungeon Crawl Stone Soup version 0.21.1-1-g345015fe64 (webtiles) character file.

179 Lavandula the Magician (level 5, 0/35 HPs)
             Began as a Barachi Earth Elementalist on July 23, 2018.
             Slain by an iguana (14 damage)
             ... on level 4 of the Dungeon.
             The game lasted 00:12:07 (1476 turns).

Lavandula the Magician (Barachi Earth Elementalist) Turns: 1476, Time: 00:12:07

Health: 0/35       AC:  4    Str:  9    XL:     5   Next: 59%
Magic:  5/12       EV: 12    Int: 21    God:
Gold:   168        SH:  0    Dex: 12    Spells: 10/14 levels left

rFire    . . .     SeeInvis .   p - +4 quarterstaff
rCold    . . .     Gourm    .   (shield currently unavailable)
rNeg     . . .     Faith    .   c - +0 robe
rPois    .         Spirit   .   j - +0 helmet
rElec    .         Reflect  .   i - +0 cloak
rCorr    .         Harm     .   (no gloves)
MR       .....                  (no boots)
Stlth    ++........             (no amulet)
HPRegen  0.11/turn              t - +4 ring of intelligence
MPRegen  0.13/turn              (no ring)

@: can't hop, slow
A: +LOS, swims, slowness 1, strong legs 1
a: Hop


You were on level 4 of the Dungeon.
You were very hungry.

You visited 1 branch of the dungeon, and saw 4 of its levels.

You collected 168 gold pieces.

Inventory:

Hand Weapons
 b - a +0 dagger
 p - a +4 quarterstaff (weapon)
 v - a +1 mace of crushing
Missiles
 x - 45 stones (quivered)
Armour
 a - a +0 plate armour
 c - a +0 robe (worn)
 i - a +0 cloak (worn)
 j - a +0 helmet (worn)
Jewellery
 m - an uncursed ring of ice
 t - a +4 ring of intelligence (left hand)
 u - an uncursed ring of fire
Wands
 w - a wand of iceblast (7)
Scrolls
 f - 2 scrolls of identify {unknown}
 h - a scroll of enchant armour {unknown}
 l - a scroll of remove curse {unknown}
 q - a scroll of fog {unknown}
 s - a scroll of amnesia {unknown}
Potions
 g - a potion of agility {unknown}
 k - a potion of haste {unknown}
 n - a potion of berserk rage {unknown}
 o - 2 potions of curing {unknown}
 r - 2 potions of flight {unknown}
Books
 e - a book of Geomancy

   Spells                             Type                      Level
   a - Sandblast                      Earth                        1
   b - Passwall                       Transmutation/Earth          2
   c - Stone Arrow                    Conjuration/Earth            3
   d - Petrify                        Transmutation/Earth          4
   e - Lee's Rapid Deconstruction     Earth                        5
Comestibles
 d - 4 rations


   Skills:
 + Level 2.7 Staves
 - Level 2.1 Dodging
 - Level 1.7 Stealth
 - Level 5.0 Spellcasting
   Level 1.1 Transmutations
 - Level 3.0 Earth Magic


You had 10 spell levels left.
You knew the following spells:

 Your Spells              Type           Power        Failure   Level  Hunger
a - Sandblast             Erth           ###...       3%          1    None
b - Stone Arrow           Conj/Erth      ##....       17%         3    ##.....


Dungeon Overview and Level Annotations

Branches:
Dungeon (4/15)
 Temple: D:4-7

Altars:

Annotations:
D:2 Robin


Innate Abilities, Weirdness & Mutations

Shadows flee at your approach. (+LOS)
You can swim through water.
You cover ground slowly.
You can hop short distances.


Message History

Press: ? - help, Shift-Dir - straight line, f - iguana
Aim: an iguana (resting)
The stone arrow hits the iguana.
The iguana is heavily wounded.
The iguana hisses angrily.
Casting: Stone Arrow
Confirm with . or Enter, or press ? or * to list all spells.
Aiming: Sandblast
Press: ? - help, Shift-Dir - straight line, f/p - iguana
Aim: an iguana (heavily wounded)
The blast of sand hits the iguana.
The iguana is severely wounded.
x - 45 stones
Casting: Sandblast
Confirm with . or Enter, or press ? or * to list all spells.
Aiming: Stone Arrow
Press: ? - help, Shift-Dir - straight line, f/p - iguana
Aim: an iguana (severely wounded)
The stone arrow misses the iguana.
The iguana bites you!
You die...

#.#..########.#
..##.#...###..#
.###.....#...#
.........#.#### ##
######........## .#
.........#.##..##.####
#..###.....###..#....#
# #....## ##.l<...#
##..## ##@....# #.##
##..!.# ..# #...# ..##
...# #.. ..# #. ..# .#
.# #


You could see an iguana.

Vanquished Creatures
  Terence (D:2)
  4 adders
  3 gnolls
  3 worms
  2 dart slugs (D:1)
  2 leopard geckos
  8 orcs
  A ball python (D:2)
  4 giant cockroaches (D:2)
  12 goblins
  13 hobgoblins
  5 kobolds
  5 bats
  3 frilled lizards
  4 rats
70 creatures vanquished.

Notes
Turn   | Place    | Note
-------+----------+-------------------------------------------
     0 | D:1      | Lavandula the Barachi Earth Elementalist began the quest for the Orb.
     0 | D:1      | Reached XP level 1. HP: 13/13 MP: 3/3
    67 | D:1      | Reached XP level 2. HP: 19/19 MP: 1/5
    91 | D:1      | Reached skill level 3 in Spellcasting
   234 | D:2      | Noticed Robin
   348 | D:1      | Reached XP level 3. HP: 23/24 MP: 2/8
   383 | D:2      | Learned a level 3 spell: Stone Arrow
   460 | D:2      | Reached skill level 4 in Spellcasting
   541 | D:1      | Reached XP level 4. HP: 15/30 MP: 5/10
  1022 | D:2      | Reached skill level 5 in Spellcasting
  1074 | D:2      | Noticed Terence
  1080 | D:2      | Killed Terence
  1080 | D:2      | Reached skill level 1 in Staves
  1080 | D:2      | Reached XP level 5. HP: 17/35 MP: 5/12
  1419 | D:3      | Noticed a sky beast
  1476 | D:4      | Slain by an iguana

Skill      XL: |  1  2  3  4  5 |
---------------+----------------+-----
Spellcasting   | 3 4 5 |  5.0
Staves         | 1 2 |  2.7
Dodging        | |  2.1
Stealth        | |  1.7
Transmutations | |  1.1
Earth Magic    | |  3.0

Action                   |  1- 3 |  4- 6 || total
-------------------------+-------+-------++-------
Melee: Unarmed           |     6 |       ||     6
       Dagger            |       |    69 ||    69
       Quarterstaff      |       |    28 ||    28
 Cast: Sandblast         |    44 |    22 ||    66
       Stone Arrow       |       |    20 ||    20
 Abil: Hop               |     2 |     3 ||     5
 Stab: Sleeping          |     1 |       ||     1
  Eat: Chunk             |       |     3 ||     3
Armor: Robe              |    30 |    22 ||    52
Dodge: Dodged            |    70 |    78 ||   148
